Map: 16-Bit LE

Players

Nigrnog

  • Race: Zerg Zerg
  • League: Gold
  • Spawn Location: 1:00

MooEsqoo - Winner!

  • Race: Protoss Protoss
  • Spawn Location: 7:00

VOD

Have the link to the VOD?

Description

Time

  • Played on: Jan. 21, 2020, 5:01 a.m.
  • Length: 16:07
Show
View Real Time Build Order
Export as new Build Order

Nigrnog Zerg 

Build Orders: Hatch First 

Get SALT Encoding   

  12  0:01  Drone  
  13  0:13  Overlord  
  13  0:18  Drone  
  14  0:31  Drone x2  
  16  0:37  Drone  
  17  0:47  Drone  
  18  1:02  Hatchery  
  17  1:09  Drone  
  17  1:10  Drone  
  19  1:14  Extractor  
  19  1:18  Drone  
  19  1:24  Spawning Pool  
  18  1:29  Drone  
  19  1:44  Overlord  
  19  1:51  Drone  
  20  2:03  Drone  
  20  2:08  Hatchery  
  20  2:15  Queen  
  22  2:19  Metabolic Boost  
  23  2:22  Drone  
  23  2:32  Queen  
  23  2:35  Drone  
  26  2:45  Drone x2  
  28  2:55  Drone x4  
  28  2:58  Extractor  
  31  3:09  Zergling x4  
  31  3:12  Lair  
  33  3:29  Zergling x10  
  33  3:30  Zergling x2  
  39  3:36  Baneling Nest  
  39  3:39  Drone  
  39  3:40  Drone  
  40  3:43  Drone  
  40  3:46  Drone  
  42  3:57  Spore Crawler  
  42  3:59  Spore Crawler  
  42  4:02  Spore Crawler  
  39  4:04  Spore Crawler  
  39  4:07  Spore Crawler  
  39  4:08  Drone  
  38  4:18  Drone x4  
  38  4:23  Overlord  
  42  4:37  Overlord  
  42  4:41  Queen  
  44  4:58  Centrifical Hooks  
  44  5:06  Spire  
  43  5:11  Hydralisk Den  
  42  5:17  Drone x2, Roach Warren  
  42  5:18  Drone x4  
  47  5:23  Extractor  
  47  5:26  Extractor  
  45  5:29  Overlord  
  45  5:33  Queen  
  47  5:36  Drone  
  47  5:39  Overlord  
  48  5:44  Overlord  
  48  5:51  Overlord  
  48  5:54  Overlord  
  48  5:55  Drone  
  49  6:09  Drone x4  
  49  6:10  Drone x2  
  55  6:11  Drone  
  55  6:14  Drone  
  55  6:16  Drone  
  58  6:18  Drone  
  59  6:35  Infestation Pit  
  58  6:48  Roach x3  
  58  6:49  Roach x6  
  76  6:56  Baneling x2  
  76  6:57  Baneling x6  
  76  6:58  Baneling x3  
  76  6:59  Baneling  
  76  7:01  Baneling x2  
  76  7:05  Baneling x2  
  76  7:15  Evolution Chamber  
  76  7:18  Evolution Chamber  
  74  7:28  Queen  
  76  7:36  Drone x5  
  76  7:37  Drone  
  82  7:38  Drone  
  82  7:42  Hatchery, Overlord  
  82  7:53  Drone x3  
  85  8:00  Zergling x2  
  85  8:01  Zergling x14  
  85  8:05  Overlord  
  93  8:14  Drone x2  
  93  8:18  Zerg Missile Weapons Level 1  
  93  8:19  Zerg Ground Armor Level 1  
  95  8:21  Hydralisk x2  
  95  8:24  Hydralisk  
  95  8:26  Roach  
  103  8:28  Roach  
  105  8:35  Hive  
  105  8:39  Overlord x2  
  105  8:50  Pneumatized Carapace  
  105  8:55  Overlord x4  
  105  9:02  Queen  
  105  9:03  Drone  
  105  9:09  Drone x3  
  111  9:10  Drone x2  
  111  9:16  Roach x4  
  121  9:21  Baneling  
  121  9:22  Baneling x5  
  121  9:24  Baneling x3  
  121  9:26  Baneling x4  
  121  9:28  Baneling x3  
  121  9:33  Zergling x2  
  121  9:34  Zergling x8  
  121  9:35  Zergling x2  
  127  9:41  Hydralisk x3  
  133  9:49  Extractor  
  128  10:02  Overlord x4  
  128  10:03  Overlord x3  
  128  10:08  Spore Crawler  
  128  10:09  Corruptor  
  128  10:12  Corruptor  
  127  10:30  Overlord x2  
  127  10:31  Overlord x4, Spore Crawler  
  126  10:37  Zergling x6  
  129  10:46  Spore Crawler  
  129  10:49  Spore Crawler  
  97  11:16  Hydralisk x7  
  97  11:17  Hydralisk x5  
  103  11:31  Hydralisk x4  
  103  11:32  Hydralisk  
  107  11:44  Zergling x14  
  107  11:45  Zergling x4  
  97  11:52  Zergling x4  
  99  11:55  Queen  
  99  11:59  Queen  
  99  12:00  Drone  
  104  12:02  Drone x3  
  107  12:11  Zergling x6  
  110  12:22  Baneling x6  
  110  12:23  Baneling x9  
  110  12:24  Baneling x5  
  110  12:26  Baneling x2  
  110  12:28  Extractor  
  109  12:34  Zergling x4  
  109  12:35  Zergling x10  
  116  12:43  Extractor  
  115  12:45  Drone x6  
  121  12:51  Spore Crawler  
  121  12:53  Queen  
  122  13:00  Baneling x4  
  122  13:01  Baneling x5  
  122  13:02  Baneling  
  122  13:13  Greater Spire  
  122  13:19  Drone x3  
  123  13:30  Zerg Missile Weapons Level 2  
  123  13:33  Zerg Ground Armor Level 2  
  123  13:37  Grooved Spines  
  123  13:41  Overlord x2, Hydralisk x2  
  123  13:44  Hydralisk  
  123  13:45  Hydralisk  
  131  13:51  Burrow  
  131  13:53  Drone  
  131  13:54  Drone x2, Spore Crawler  
  131  13:55  Drone  
  134  13:56  Drone  
  134  14:02  Baneling x4  
  135  14:03  Baneling x6  
  135  14:11  Hydralisk x3  
  135  14:13  Roach  
  135  14:15  Roach  
  145  14:22  Drone x5  
  150  14:26  Drone x2  
  150  14:27  Drone x2  
  154  14:34  Overseer  
  154  14:36  Drone x3  
  154  14:37  Drone x3  
  160  14:42  Spore Crawler  
  159  14:48  Drone x5, Spore Crawler, Muscular Augments  
  116  15:05  Zergling x10  
  116  15:06  Overlord, Zergling x6  
  115  15:09  Roach x2  
  118  15:22  Drone  
  95  15:37  Roach x4  
  95  15:48  Zergling x4  
Show
View Real Time Build Order
Export as new Build Order

MooEsqoo Protoss - Winner!

Build Orders: 1 Gate Expand, Oracle Opening 

Get SALT Encoding   

  12  0:03  Probe  
  13  0:18  Probe  
  13  0:19  Pylon  
  14  0:31  Probe  
  15  0:37  Gateway  
  15  0:43  Probe (Chrono Boost)  
  15  0:49  Assimilator  
  16  0:55  Probe (Chrono Boost)  
  17  1:01  Probe (Chrono Boost)  
  18  1:09  Probe  
  19  1:29  Nexus  
  19  1:41  Cybernetics Core  
  19  1:45  Probe  
  20  1:51  Pylon  
  20  1:57  Probe (Chrono Boost)  
  21  2:02  Assimilator  
  21  2:09  Probe (Chrono Boost)  
  21  2:15  Stalker (Chrono Boost)  
  22  2:17  Probe (Chrono Boost)  
  25  2:24  Probe  
  25  2:25  Shield Battery  
  26  2:36  Probe  
  27  2:42  Stargate  
  27  2:43  Probe  
  28  2:48  Probe  
  29  2:55  Stalker (Chrono Boost), Probe  
  32  3:00  Probe  
  33  3:07  Probe  
  34  3:13  Gateway, Probe  
  34  3:18  Warp Gate  
  36  3:20  Probe  
  36  3:25  Probe  
  37  3:31  Oracle (Chrono Boost)  
  37  3:32  Probe  
  41  3:38  Probe  
  42  3:42  Pylon  
  42  3:44  Probe  
  42  3:46  Stalker (Chrono Boost)  
  45  3:51  Probe  
  46  4:00  Probe  
  49  4:03  Stalker (Chrono Boost), Probe  
  50  4:13  Probe  
  50  4:15  Probe  
  52  4:17  Robotics Facility  
  52  4:19  Assimilator  
  52  4:22  Assimilator  
  52  4:28  Probe x2  
  54  4:37  Nexus  
  54  5:01  Pylon  
  54  5:03  Pylon  
  54  5:10  Gateway x2  
  54  5:15  Gateway  
  54  5:19  Immortal (Chrono Boost), Probe x2  
  60  5:23  Pylon  
  60  5:26  Pylon  
  60  5:31  Probe x2  
  62  5:37  Oracle  
  65  5:54  Probe x3  
  68  6:06  Probe x3  
  68  6:09  Stalker  
  73  6:17  Warp Prism  
  73  6:19  Probe x3  
  76  6:28  Forge  
  76  6:29  Twilight Council  
  76  6:31  Probe x3  
  80  6:43  Probe x3  
  80  6:44  Phoenix (Chrono Boost)  
  85  6:53  Observer, Stargate  
  86  6:59  Assimilator  
  86  7:00  Phoenix (Chrono Boost)  
  86  7:03  Assimilator  
  86  7:05  Sentry x2  
  86  7:06  Stalker  
  86  7:07  Stalker x2  
  98  7:14  Protoss Ground Weapons Level 1 (Chrono Boost)  
  98  7:19  Charge (Chrono Boost)  
  98  7:20  Phoenix (Chrono Boost)  
  100  7:32  Probe  
  101  7:41  Pylon  
  101  7:42  Pylon  
  101  7:44  Pylon  
  101  7:47  Pylon  
  101  7:49  Pylon  
  101  7:55  Protoss Air Weapons Level 1 (Chrono Boost)  
  101  7:59  Phoenix x2 (Chrono Boost), Probe x2  
  101  8:00  Immortal  
  111  8:08  Gateway  
  111  8:10  Gateway  
  111  8:12  Gateway  
  111  8:13  Zealot x4  
  111  8:14  Gateway, Zealot  
  121  8:21  Phoenix x2 (Chrono Boost)  
  125  8:39  Phoenix x2  
  129  9:02  Templar Archives  
  129  9:04  Protoss Ground Weapons Level 2 (Chrono Boost)  
  129  9:05  Immortal  
  133  9:11  Zealot x2  
  133  9:12  Zealot x2  
  141  9:22  Pylon  
  141  9:26  Pylon  
  141  9:27  Pylon  
  141  9:31  Pylon x2  
  141  9:34  Pylon  
  141  9:35  Pylon  
  141  9:37  Pylon  
  141  9:38  Pylon  
  141  9:40  Phoenix x2  
  145  10:05  Phoenix  
  145  10:30  Phoenix  
  147  10:52  High Templar x5  
  147  10:53  High Templar x4  
  147  10:56  Archon  
  147  10:57  Archon x3  
  94  11:28  Zealot x4  
  94  11:29  Zealot x3  
  94  11:30  Zealot  
  94  11:54  Cybernetics Core  
  94  11:57  Pylon  
  94  12:00  Zealot  
  96  12:03  High Templar x3  
  96  12:04  High Templar x3  
  96  12:07  Archon  
  96  12:08  Archon x2  
  108  12:30  Gateway  
  108  12:35  Gateway  
  108  12:36  Gateway  
  108  12:41  Shield Battery  
  108  12:43  Shield Battery  
  108  12:48  Shield Battery  
  108  12:50  High Templar x4  
  108  12:51  High Templar x2, Shield Battery  
  118  12:52  High Templar x2, Shield Battery  
  118  12:54  Archon x2  
  118  12:55  Archon  
  118  12:56  Archon  
  124  13:29  High Templar x3  
  124  13:30  High Templar x3  
  124  13:33  Zealot  
  124  13:34  Zealot x5  
  140  13:36  Archon  
  140  13:37  Archon x2  
  148  14:04  High Templar x2  
  148  14:05  Zealot x2  
  148  14:06  Zealot x4  
  148  14:07  Zealot x3  
  148  14:08  Zealot  
  170  14:39  Zealot x5  
  170  14:40  Zealot x5  
  170  14:41  Zealot x2  
  114  15:09  Zealot x3  
  114  15:10  Zealot x5  
  114  15:11  Zealot x4  
  124  15:51  Zealot x6  
  124  15:52  Zealot x5  
  124  15:53  Zealot  
Tags
 
Add a new tag
Caveats
  • Supply blocks, unpowered buildings, or Contaminate may cause inaccurate times.
  • Supply counts are checked every 10 seconds.